Map: Simulacrum LE

Players

Geralt (Gerald)

  • Race: Protoss Protoss
  • League: Grandmaster
  • Spawn Location: 11:00

Neeblet (Neeb) - Winner!

  • Race: Protoss Protoss
  • Spawn Location: 5:00

VOD

Have the link to the VOD?

Description

Time

  • Played on: Jan. 13, 2020, 3 p.m.
  • Length: 10:29
Show
View Real Time Build Order
Export as new Build Order

Geralt Protoss 

Build Orders: Oracle Opening, Phoenix Opening 

Get SALT Encoding   

  12  0:00  Probe  
  13  0:12  Probe  
  14  0:18  Pylon  
  14  0:24  Probe (Chrono Boost)  
  15  0:37  Gateway  
  15  0:38  Probe (Chrono Boost)  
  16  0:43  Probe (Chrono Boost)  
  16  0:47  Assimilator  
  17  0:53  Probe (Chrono Boost)  
  17  0:55  Assimilator  
  18  1:05  Probe (Chrono Boost)  
  18  1:07  Gateway  
  19  1:14  Probe (Chrono Boost)  
  20  1:19  Probe  
  21  1:25  Cybernetics Core  
  21  1:31  Probe  
  22  1:33  Pylon  
  22  1:43  Probe  
  23  1:55  Probe  
  24  2:02  Stargate  
  24  2:05  Adept x2  
  24  2:07  Probe  
  29  2:12  Pylon  
  29  2:17  Warp Gate  
  29  2:20  Probe  
  30  2:39  Probe  
  32  2:46  Oracle (Chrono Boost)  
  32  2:49  Shield Battery  
  32  2:51  Zealot  
  35  2:52  Stalker  
  37  3:03  Probe, Pylon  
  38  3:19  Probe  
  39  3:38  Phoenix (Chrono Boost)  
  41  3:51  Nexus  
  41  3:56  Phoenix  
  43  4:09  Twilight Council  
  43  4:10  Probe  
  44  4:22  Probe  
  43  4:27  Phoenix (Chrono Boost)  
  45  4:34  Probe  
  46  4:45  Resonating Glaives (Chrono Boost)  
  46  4:48  Probe  
  47  5:03  Probe, Pylon  
  47  5:05  Pylon  
  47  5:06  Probe  
  49  5:11  Gateway  
  49  5:15  Probe  
  49  5:18  Probe  
  51  5:24  Gateway  
  51  5:26  Gateway  
  51  5:27  Gateway  
  52  5:28  Probe  
  52  5:35  Probe, Pylon  
  53  5:48  Stalker  
  53  5:49  Stalker  
  55  6:00  Pylon  
  57  6:05  Pylon  
  57  6:06  Assimilator  
  57  6:10  Adept, Assimilator  
  57  6:11  Probe  
  57  6:12  Adept x2  
  62  6:19  Gateway  
  62  6:22  Shield Battery  
  62  6:26  Adept x2  
  66  6:33  Adept x2  
  66  6:37  Adept  
  66  6:38  Adept  
  74  6:44  Adept  
  76  6:47  Adept  
  76  6:52  Adept  
  80  6:54  Adept  
  80  6:55  Adept  
  80  7:01  Adept  
  86  7:11  Adept x3  
  69  7:39  Adept x7  
  69  7:40  Probe  
  80  7:44  Probe  
  79  7:52  Probe  
  75  8:00  Dark Shrine  
  75  8:03  Assimilator  
  69  8:05  Adept  
  69  8:06  Adept x3  
  72  8:32  Adept x3  
  72  8:33  Adept x4  
  84  8:56  Stalker  
  86  9:07  Pylon  
  86  9:17  Pylon  
  86  9:25  Dark Templar  
  86  9:26  Dark Templar x3  
  94  9:39  Pylon x2  
  76  10:04  Dark Templar x4  
Show
View Real Time Build Order
Export as new Build Order

Neeblet Protoss - Winner!

Build Orders: Oracle Opening, Phoenix Opening 

Get SALT Encoding   

  12  0:00  Probe  
  13  0:12  Probe  
  14  0:17  Pylon  
  14  0:25  Probe (Chrono Boost)  
  15  0:37  Probe (Chrono Boost)  
  15  0:38  Gateway  
  16  0:45  Probe (Chrono Boost)  
  16  0:46  Assimilator  
  17  0:51  Probe  
  17  0:55  Assimilator  
  18  1:03  Probe (Chrono Boost)  
  19  1:07  Gateway  
  19  1:13  Probe (Chrono Boost)  
  19  1:18  Probe (Chrono Boost)  
  21  1:26  Cybernetics Core  
  21  1:29  Probe  
  22  1:38  Pylon  
  22  1:41  Probe  
  23  2:02  Stargate  
  23  2:03  Stalker  
  23  2:07  Stalker  
  27  2:10  Probe  
  28  2:17  Pylon  
  28  2:21  Warp Gate  
  28  2:31  Pylon  
  28  2:43  Oracle (Chrono Boost)  
  31  3:03  Nexus  
  31  3:11  Shield Battery  
  31  3:18  Phoenix  
  33  3:21  Probe  
  33  3:25  Shield Battery  
  34  3:33  Probe  
  34  3:42  Phoenix (Chrono Boost)  
  34  3:45  Probe  
  37  3:54  Pylon  
  37  3:58  Probe  
  38  4:06  Shield Battery  
  38  4:15  Probe  
  40  4:19  Probe  
  41  4:28  Stalker x2  
  41  4:29  Probe (Chrono Boost)  
  46  4:31  Probe (Chrono Boost)  
  45  4:39  Pylon  
  45  4:43  Probe (Chrono Boost)  
  47  4:45  Probe (Chrono Boost)  
  47  4:48  Twilight Council  
  47  4:52  Probe  
  49  4:53  Stalker  
  49  4:55  Stalker  
  49  4:59  Probe  
  53  5:05  Probe (Chrono Boost), Shield Battery  
  54  5:11  Probe (Chrono Boost)  
  55  5:17  Forge  
  57  5:22  Probe x2 (Chrono Boost)  
  57  5:23  Pylon  
  57  5:25  Sentry  
  57  5:26  Blink (Chrono Boost)  
  57  5:28  Probe  
  60  5:29  Probe  
  61  5:38  Assimilator  
  61  5:40  Probe  
  61  5:41  Probe  
  62  5:57  Probe  
  62  6:01  Probe  
  64  6:07  Nexus  
  64  6:09  Probe  
  65  6:13  Gateway  
  65  6:15  Gateway  
  65  6:22  Probe  
  65  6:23  Sentry, Stalker  
  70  6:27  Protoss Ground Weapons Level 1 (Chrono Boost), Pylon  
  70  6:35  Pylon  
  70  6:37  Pylon  
  70  6:42  Gateway  
  70  6:47  Probe  
  71  6:48  Probe  
  71  6:51  Stalker x2  
  76  6:54  Assimilator  
  76  6:56  Shield Battery  
  76  6:57  Shield Battery  
  77  7:06  Gateway  
  77  7:07  Gateway x2  
  76  7:15  Stalker x2  
  78  7:17  Stalker  
  82  7:24  Stalker  
  78  7:36  Stalker  
  70  7:40  Stalker x2  
  65  7:45  Stalker  
  66  7:55  Stalker  
  66  8:09  Stalker x3  
  72  8:21  Stalker x2  
  76  8:29  Sentry x2  
  76  8:30  Sentry  
  82  8:37  Pylon  
  82  8:45  Probe  
  82  8:47  Stalker x2  
  86  8:56  Stalker x2  
  86  9:02  Robotics Facility  
  90  9:08  Pylon  
  90  9:14  Stalker x2  
  94  9:34  Probe  
  93  9:49  Zealot x5  
  91  10:06  Zealot x3  
  95  10:08  Observer (Chrono Boost)  
  95  10:12  Pylon  
Tags
 
Add a new tag
Caveats
  • Supply blocks, unpowered buildings, or Contaminate may cause inaccurate times.
  • Supply counts are checked every 10 seconds.